cohdb
Replays
Latest Replays
All Replays
Popular Replays
Top Player Replays
Match Explorer
How It Works
Community
CoH3 Stats
Reddit
Sign in to upload your games and track your stats! →
Sign in with Steam
Match 39741044
Unlisted
Match 39741044
Overview
Messages
Build Orders
End
Engineer Squad
Construct Barracks
Selects Heavy Weapons
Riflemen Squad
Riflemen Squad
Riflemen Squad
Construct Weapon Support Center
Selects M2HB .50cal Heavy Machine Gun
Construct Medical Station
Grenade Package
M1919 Machine Gun Team
Bazooka Squad
Infantry Support Center
M3 Armored Personnel Carrier
Engineer Squad
Selects Assault Carriers
M3 Assault Carrier
Selects Exchangeable Parts
M1919 Machine Gun Team
Bazooka Squad
M1918 Browning Automatic Rifles
DanielD
KT Perry
ashilrye
aSIIDemolitionHammer
0
0
Comments
sign in to comment!
No comments posted yet!